 Dungeon Crawl Stone Soup version 0.19.0-11-g3fc08b3 (webtiles) character file.

297 Stormleaks the Shooter (level 6, -2/50 HPs)
             Began as a Centaur Arcane Marksman on Nov 8, 2016.
             Slain by an adder (4 damage)
             ... on level 5 of the Dungeon.
             The game lasted 00:34:23 (4202 turns).

Stormleaks the Shooter (Centaur Arcane Marksman)    Turns: 4202, Time: 00:34:25

Health: -2/50      AC:  6    Str: 14    XL:     6   Next: 12%
Magic:  7/7        EV:  8    Int: 13    God:
Gold:   142        SH:  0    Dex:  9    Spells: 3 memorised, 0 levels left

rFire  . . .     SeeInvis .     a - +0 shortbow
rCold  . . .     Gourm    .     f - +1 ring mail {MR+}
rNeg   . . .     Faith    .     (shield currently unavailable)
rPois  .         Spirit   .     (no helmet)
rElec  .         Reflect  .     (no cloak)
rCorr  .         Harm     .     (no gloves)
MR     +....                    (no barding)
Stlth  ..........               (no amulet)
                                (no ring)
                                (no ring)

@: lethally poisoned (-2 -> -9), very slightly contaminated, very quick
A: hooves 3, deformed body, speed 2, tough skin 3
a: no special abilities


You were on level 5 of the Dungeon.
You were hungry.

You visited 2 branches of the dungeon, and saw 6 of its levels.
You also visited: Sewer.

You collected 142 gold pieces.

Inventory:

Hand Weapons
 a - a +0 shortbow (weapon)
Missiles
 d - 32 arrows (quivered)
Armour
 e - a +0 robe
 f - a +1 ring mail of magic resistance (worn)
 j - a +0 ring mail
 t - a +0 plate armour
Wands
 m - a wand of digging (6/24)
Scrolls
 n - 4 scrolls of identify
Potions
 b - a potion of ambrosia {unknown}
 g - 3 potions of curing {unknown}
 i - a potion of berserk rage {unknown}
 l - a potion of cure mutation {unknown}
 u - a potion of heal wounds {unknown}
Books
 c - a book of Debilitation

   Spells                             Type                      Level
   a - Corona                         Hexes                        1
   b - Slow                           Hexes                        2
   c - Gell's Gravitas                Hexes/Translocation          3
   d - Inner Flame                    Hexes/Fire                   3
   e - Cause Fear                     Hexes                        4
   f - Leda's Liquefaction            Hexes/Earth                  4
Comestibles
 k - 2 bread rations
 o - 3 fruits
 q - a meat ration
 r - a beef jerky


   Skills:
 + Level 2.6 Fighting
 + Level 6.5 Bows
 + Level 0.3 Armour
 + Level 1.5 Dodging
 + Level 0.4 Stealth
 + Level 1.2 Spellcasting
 + Level 3.4 Hexes


You couldn't memorise any spells.
You knew the following spells:

 Your Spells              Type           Power        Failure   Level  Hunger
a - Corona                Hex            #......      17%         1    ##.....
b - Cause Fear            Hex            #.........   97%         4    #####..
c - Slow                  Hex            #.......     24%         2    ###....


Dungeon Overview and Level Annotations

Branches:
Dungeon (5/15)             Temple (1/1) D:4

Altars:
Cheibriados
Elyvilon
Fedhas
Makhleb
Nemelex Xobeh
Qazlal
Ru
Uskayaw
Xom
Yredelemnul
Zin
The Shining One

Shops:
D:4 [


Innate Abilities, Weirdness & Mutations

You have hooves in place of feet.
Armour fits poorly on your strangely shaped body.
You cover ground very quickly.
You have extremely tough skin. (AC +3)


Message History

You shoot an arrow.
The arrow hits the worker ant but does no damage.
The worker ant is almost dead.
* * * LOW HITPOINT WARNING * * *
You feel sick. The adder closely misses you. The worker ant bites you.
* * * LOW HITPOINT WARNING * * *
The adder barely misses you.
* * * LOW HITPOINT WARNING * * *
You feel sick.
Firing (i - inventory):
d - 33 arrows (quivered)
Press: ? - help, Shift-Dir - straight line, f/p - worker ant
Aim: a worker ant (almost dead)
You shoot an arrow.
The arrow hits the worker ant but does no damage.
The worker ant is almost dead.
* * * LOW HITPOINT WARNING * * *
You feel sick. The adder barely misses you. The worker ant bites you.
* * * LOW HITPOINT WARNING * * *
The adder bites you.
You die...

(.....
......
......
......#
.......
.......##
......(<#
......Sa#
.......@#
........#
.....####
.....
.... .$..
...


You could see a worker ant and an adder.

Vanquished Creatures
  An ogre (D:4)
  An orc priest (D:4)
  An orc wizard (D:4)
  A worker ant (D:4)
  5 gnolls
  3 adders
  An ooze (D:1)
  2 worms (D:3)
  A dart slug (D:1)
  2 leopard geckos (D:1)
  3 orcs
  A giant cockroach (D:1)
  5 goblins
  2 hobgoblins
  7 jackals
  A quokka (D:3)
  A ball python (D:1)
  6 bats
  2 frilled lizards
  3 kobolds
  A leopard gecko skeleton (D:4)
  2 rats
52 creatures vanquished.

Notes
Turn   | Place    | Note
-------+----------+-------------------------------------------
     0 | D:1      | Stormleaks the Centaur Arcane Marksman began the quest for the Orb.
     0 | D:1      | Reached XP level 1. HP: 16/16 MP: 2/2
    62 | D:1      | Reached skill level 3 in Bows
   261 | D:1      | Reached XP level 2. HP: 19/23 MP: 3/3
  1391 | D:1      | Reached XP level 3. HP: 8/28 MP: 2/4
  1978 | D:2      | You fall through a shaft for 2 floors!
  2117 | D:4      | Found a glowing drain.
  2124 | Sewer    | Entered a sewer
  2131 | Sewer    | Reached skill level 4 in Bows
  2262 | D:4      | Noticed an ogre
  2266 | D:4      | Killed an ogre
  2266 | D:4      | Reached skill level 5 in Bows
  2266 | D:4      | Reached XP level 4. HP: 36/36 MP: 5/5
  2302 | D:4      | Reached XP level 5. HP: 33/41 MP: 6/6
  2318 | D:4      | Reached skill level 6 in Bows
  2441 | D:4      | Found Biops's Antique Armour Shop.
  2500 | D:4      | Found a staircase to the Ecumenical Temple.
  2509 | Temple   | Entered the Ecumenical Temple
  2937 | D:4      | Found a sacrificial altar of Ru.
  3188 | D:3      | Reached XP level 6. HP: 32/50 MP: 7/7
  4060 | D:3      | Learned a level 4 spell: Cause Fear
  4063 | D:3      | Learned a level 2 spell: Slow
  4188 | D:5      | Entered Level 5 of the Dungeon
  4202 | D:5      | HP: 2/50 [worker ant (2)]
  4202 | D:5      | Slain by an adder

Skill      XL: |  1  2  3  4  5 |
---------------+----------------+-----
Bows           | 3 5 6 |  6.5
Hexes          | 3 |  3.4
Fighting       | 2 |  2.6
Armour         | |  0.3
Dodging        | |  1.5
Stealth        | |  0.4
Spellcasting   | |  1.2

Action                   |  1- 3 |  4- 6 || total
-------------------------+-------+-------++-------
 Fire: Shortbow          |    76 |   147 ||   223
 Cast: Corona            |     5 |     4 ||     9
Evoke: Wand              |       |     1 ||     1
  Use: Scroll            |     2 |     4 ||     6
       Potion            |       |     1 ||     1
  Eat: Bread ration      |     1 |       ||     1
       Pizza             |     1 |       ||     1
       Fruit             |       |     3 ||     3
Armor: Robe              |    16 |       ||    16
       Ring mail         |     5 |    30 ||    35
       Plate armour      |       |    54 ||    54
Dodge: Dodged            |    24 |    48 ||    72
